cohdb
Replays
Latest Replays
All Replays
Popular Replays
Top Player Replays
Match Explorer
How It Works
Community
CoH3 Stats
Reddit
Sign in to upload your games and track your stats! →
Sign in with Steam
Match 43954289
Unlisted
Match 43954289
Overview
Messages
Build Orders
End
Kradschützen Motorcycle Team
Kradschützen Motorcycle Team
Selects Armored Support Battlegroup
Selects Armored Support Battlegroup
250 Light Carrier
Construct Light Support Kompanie
Assault Grenadier Squad
Panzerjäger Squad
Selects Superior Fire Drills
Fire Support Elements
Flakvierling Half-track
Vehicle Survival Package
Willaguy
天安門大屠殺反右派鬥
0
0
Comments
sign in to comment!
No comments posted yet!